 Dungeon Crawl Stone Soup version 0.25.1-2-g60ff931df9 (webtiles) character file.

Game seed: 5030873100767665201

113 H0rd4k the Insei (level 4, 0/28 HPs)
             Began as an Octopode Transmuter on Aug 25, 2020.
             Succumbed to an adder's poison
             ... in a sewer.
             The game lasted 00:02:22 (2930 turns).

H0rd4k the Insei (Octopode Transmuter)              Turns: 2930, Time: 00:02:22

Health: 0/28       AC:  1    Str:  9    XL:     4   Next: 96%
Magic:  7/7        EV: 13    Int: 16    God:
Gold:   137        SH:  0    Dex: 12    Spells: 2/8 levels left

rFire    . . .     SeeInvis .     - Unarmed
rCold    . . .     Gourm    .   (no shield)
rNeg     . . .     Faith    .   (helmet restricted)
rPois    .         Spirit   .   (no amulet)
rElec    .         Reflect  .   (no ring)
rCorr    .         Harm     .   (no ring)
MR       .....                  (no ring)
Stlth    +++.......             (no ring)
HPRegen  0.09/turn              (no ring)
MPRegen  0.10/turn              (no ring)
                                (no ring)
                                (no ring)

@: lethally poisoned (0 -> -6)
A: almost no armour, stealthy swim, amphibious, 8 rings, constrict 8, camouflage
1, gelatinous body 1
a: no special abilities


You were in a sewer.
You were not hungry.

You visited 1 branch of the dungeon, and saw 3 of its levels.
You also visited: Sewer.

You collected 137 gold pieces.

Inventory:

Missiles
 a - 44 arrows
 j - 13 poisoned darts (quivered)
Scrolls
 b - 2 scrolls of remove curse {unknown}
 e - 3 scrolls of identify {unknown}
 f - 4 scrolls of fog {unknown}
 g - a scroll of enchant armour {unknown}
 h - a scroll of teleportation {unknown}
 k - a scroll of magic mapping {unknown}
Potions
 d - a potion of invisibility {unknown}
 i - a potion of heal wounds {unknown}
 l - a potion of resistance {unknown}
 n - a potion of stabbing {unknown}
Comestibles
 c - 5 rations
 m - 6 chunks of flesh


   Skills:
 + Level 1.0 Fighting
 + Level 2.4 Dodging
 + Level 3.1 Stealth
 + Level 4.0 Unarmed Combat
 * Level 2.6 Spellcasting
 * Level 2.3 Transmutations


You had 2 spell levels left.
You knew the following spells:

 Your Spells              Type           Power        Failure   Level  Hunger
a - Beastly Appendage     Tmut           #.....       8%          1    #......
b - Sticks to Snakes      Tmut           #.......     11%         2    ##.....
c - Spider Form           Tmut/Pois      #.........   34%         3    ###....

Your spell library contained the following spells:

 Spells                   Type           Power        Failure   Level  Hunger
 Ice Form                 Ice/Tmut       #.......     75%         4    #####..
 Blade Hands              Tmut           #.........   90%         5    ######.


Dungeon Overview and Level Annotations

Branches:
Dungeon (3/15)              Sewer (1/1)

Altars:
Gozag
Makhleb
Sif Muna
Trog
Xom


Innate Abilities, Weirdness & Mutations

You cannot wear most types of armour.
You are very stealthy in the water. (Stealth+)
You are amphibious.
You can wear up to eight rings at the same time.
You can use your tentacles to constrict eight enemies at once.
Your skin changes colour to match your surroundings (Stealth+).
Your rubbery body absorbs attacks. (AC +1, EV +1)


Message History

The river rat struggles to escape constriction.
The adder bites you.
You are more poisoned.
The adder poisons you!
You completely miss the adder.
You constrict the river rat, but do no damage.
You constrict the adder.
You feel sick. The adder barely misses you.
The river rat escapes!
You barely miss the adder.
The adder is lightly wounded.
You constrict the adder. The adder bites you but does no damage.
The river rat misses you. The river rat bites you. The adder barely misses you.
You tentacle-slap the adder.
The adder is almost dead.
You constrict the adder.
You kill the adder!
Your Unarmed Combat skill increases to level 4!
You feel sick. The river rat bites you. The river rat bites you!
* * * LOW HITPOINT WARNING * * *
You die...

..##..≈≈≈≈......
......≈≈≈......#
#......≈≈......#
#r.....≈≈.......
#r.....≈≈.......
##rr...≈≈≈≈......
#rr.r...≈≈≈......
##.r.....≈≈≈.≈÷...
#@..#....≈≈≈≈.....
#..###.≈≈≈≈≈≈.....
#..###..≈≈≈≈≈....#
#.†#....≈≈≈≈≈...##
#÷.÷....≈≈≈≈≈...##
##.÷....≈≈≈≈≈....#
##....#≈≈≈≈≈≈...#
#...##≈≈≈≈≈≈..÷÷
#..##≈≈≈≈≈≈≈..÷.


You could see 4 river rats and 4 rats.

Vanquished Creatures
  3 adders (Sewer)
  3 river rats (Sewer)
  A dart slug (D:1)
  2 leopard geckos
  2 orcs (D:3)
  7 bats
  4 giant cockroaches
  A hobgoblin (D:1)
  A quokka (D:3)
  2 ball pythons (Sewer)
  3 frilled lizards (D:1)
  4 goblins
  15 kobolds
  A quokka skeleton (D:2)
  12 rats
61 creatures vanquished.

Notes
Turn   | Place    | Note
-------+----------+-------------------------------------------
     0 | D:1      | H0rd4k the Octopode Transmuter began the quest for the Orb.
     0 | D:1      | Reached XP level 1. HP: 13/13 MP: 3/3
   492 | D:1      | Reached XP level 2. HP: 10/18 MP: 5/5
  1165 | D:1      | Reached XP level 3. HP: 21/23 MP: 6/6
  1400 | D:1      | Learned a level 2 spell: Sticks to Snakes
  1404 | D:1      | Learned a level 3 spell: Spider Form
  1788 | D:2      | Found an opulent altar of Gozag.
  1797 | D:2      | Found a burning altar of Makhleb.
  1797 | D:2      | Found a shimmering blue altar of Sif Muna.
  1807 | D:2      | Found a bloodstained altar of Trog.
  1818 | D:2      | Found a shimmering altar of Xom.
  2037 | D:3      | Reached skill level 1 in Stealth
  2508 | D:3      | Found a glowing drain.
  2528 | Sewer    | Entered a sewer
  2657 | Sewer    | Reached XP level 4. HP: 28/28 MP: 7/7
  2928 | Sewer    | Reached skill level 4 in Unarmed Combat
  2928 | Sewer    | HP: 1/28 [river rat (8)]
  2930 | Sewer    | Succumbed to an adder's poison

Illustrated notes

Levels and vault maps discovered:
D:1:      minmay_arrival_four_circles, layout_loops_ring, minmay_cupped
D:2:      layout_rooms, minmay_overflow_temple_star_hex
D:3:      layout_loops_ring, portal_sewer_entry_f
Sewer:    sewer_minmay_treatment

Skill      XL: |  1  2  3  4 |
---------------+-------------+-----
Stealth        | 1 3 |  3.1
Unarmed Combat | 4 |  4.0
Fighting       | |  1.0
Dodging        | |  2.4
Spellcasting   | |  2.6
Transmutations | |  2.3

Action                   |  1- 3 |  4- 6 || total
-------------------------+-------+-------++-------
Melee: Unarmed           |    90 |    40 ||   130
       Constrict         |    27 |    11 ||    38
       Tentacles         |    14 |     8 ||    22
       Punch             |     1 |       ||     1
       Kick              |     3 |       ||     3
 Cast: Beastly Appendage |     1 |       ||     1
 Stab: Distracted        |     1 |       ||     1
       Sleeping          |     7 |     5 ||    12
  Eat: Chunk             |     5 |     1 ||     6
Armor: Skin              |    12 |     4 ||    16
Dodge: Dodged            |    62 |    43 ||   105
